[Event "42nd Olympiad Baku 2016 Women"]
[Site "Baku"]
[Date "2016.09.02"]
[Round "1.14"]
[White "Sotomayor Villatoro, Silvi"]
[Black "Hejazipour, Mitra"]
[Result "0-1"]
[ECO "A45"]
[WhiteElo "1876"]
[BlackElo "2314"]
[PlyCount "126"]
[EventDate "2016.??.??"]
[EventCountry "AZE"]
[WhiteTeam "Guatemala"]
[BlackTeam "Iran"]
[WhiteTeamCountry "GUA"]
[BlackTeamCountry "IRI"]
[TimeControl "40/5400+30:1800+30"]
[WhiteClock "0:05:00"]
[BlackClock "0:13:29"]

1. d4 {(00:00} Nf6 {(00:27} 2. e3 {(00:00} g6 {(
00:43} 3. Bd3 {(02:26} c5 {(08:07} 4. f4 {(00:38} d5 {
(01:38} 5. c3 {(00:14} Bg7 {(00:47} 6. Nf3 {(00:
27} O-O {(01:07} 7. O-O {(00:12} Qc7 {(02:58} 8. Ne5 {
(02:39} b6 {(05:56} 9. Nd2 {(02:21} Bb7 {(10:47]
} 10. Qf3 {(00:39} Nfd7 {(09:41} 11. Qh3 {(06:18} Bc8 {
(12:06} 12. Qh4 {(08:26} Nxe5 {(09:07} 13. fxe5 {
(00:27} Nc6 {(07:22} 14. Nf3 {(05:07} f6 {(01:
31} 15. exf6 {(01:44} exf6 {(00:13} 16. e4 {(04:33}
dxe4 {(04:10} 17. Bxe4 {(01:17} Ba6 {(02:01} 18. Re1 {
(02:54} cxd4 {(03:52} 19. cxd4 {(23:31} Rae8 {(
03:21} 20. Bh6 {(07:22} Nb4 {(04:22} 21. Rac1 {(12:07}
Qd7 {(04:44} 22. Bxg7 {(00:54} Qxg7 {(01:47} 23. Qf4 {
(01:47} Rc8 {(02:34} 24. Qd6 {(01:42} Rxc1 {(01:
53} 25. Rxc1 {(00:01} Bd3 {(00:25} 26. Rc7 {(05:38}
Qh6 {(00:01} 27. Bd5+ {(02:36} Nxd5 {(00:13} 28. Qxd5+
{(00:02} Kh8 {(00:00} 29. Qe6 {(03:45} Bf5 {(00:
18} 30. Qe7 {(01:11} g5 {(01:24} 31. d5 {(00:53} Qg6 {
(01:05} 32. d6 {(00:47} Re8 {(00:25} 33. Qf7 {(
00:33} Bg4 {(00:40} 34. Qxg6 {(01:35} hxg6 {(00:01}
35. Kf2 {(00:01} Rd8 {(00:56} 36. Rxa7 {(00:46} Rxd6 {
(00:01} 37. Re7 {(00:52} Be6 {(00:46} 38. a3 {(
00:19} Kg8 {(00:25} 39. Rc7 {(01:07} g4 {(00:43} 40.
Nh4 {(00:00} Bf7 {(00:00} 41. Rc2 {(04:51} Kg7 {
(04:55} 42. g3 {(00:24} f5 {(00:34} 43. Ng2 {(
00:35} g5 {(03:52} 44. Ne3 {(08:38} Kf6 {(00:13} 45.
Ke2 {(00:52} Ke5 {(02:39} 46. Rc7 {(01:58} Be6 {
(01:21} 47. Rg7 {(02:50} Kf6 {(02:45} 48. Rc7 {(
00:52} b5 {(03:48} 49. Rc5 {(06:43} f4 {(00:56} 50.
gxf4 {(01:55} gxf4 {(00:02} 51. Rxb5 {(00:32} fxe3 {
(00:34} 52. Kxe3 {(00:01} Rd1 {(00:55} 53. Kf4 {
(00:38} Rd3 {(02:30} 54. Rb6 {(01:47} Rh3 {(01:
11} 55. a4 {(02:37} Rxh2 {(00:18} 56. a5 {(00:18} Rf2+
{(00:30} 57. Kg3 {(00:12} Rf3+ {(00:24} 58. Kg2 {
(00:10} Rb3 {(01:04} 59. Rxb3 {(02:02} Bxb3 {(
00:01} 60. Kg3 {(00:01} Kf5 {(00:12} 61. a6 {(00:06}
Bc4 {(00:28} 62. a7 {(00:13} Bd5 {(00:02} 63. b4 {
(00:24} Kg5 {(00:10} 0-1

[Event "42nd Olympiad Baku 2016 Women"]
[Site "Baku"]
[Date "2016.09.02"]
[Round "1.23"]
[White "Soumya, Swaminathan"]
[Black "Nikolovska, Dragana"]
[Result "1-0"]
[ECO "B78"]
[WhiteElo "2379"]
[BlackElo "1886"]
[PlyCount "93"]
[EventDate "2016.??.??"]
[EventCountry "AZE"]
[WhiteTeam "Indien"]
[BlackTeam "Mazedonien"]
[WhiteTeamCountry "IND"]
[BlackTeamCountry "MKD"]
[TimeControl "40/5400+30:1800+30"]
[WhiteClock "0:49:50"]
[BlackClock "0:03:41"]

1. e4 {(00:00} c5 {(00:00} 2. Nf3 {(00:00} d6 {(
00:00} 3. d4 {(00:00} cxd4 {(00:04} 4. Nxd4 {(00:00}
Nf6 {(00:16} 5. Nc3 {(00:00} g6 {(00:19} 6. Be3 {
(00:00} Bg7 {(00:16} 7. f3 {(00:08} Nc6 {(00:17]
} 8. Qd2 {(00:06} O-O {(00:17} 9. Bc4 {(00:03} Bd7 {
(00:27} 10. O-O-O {(00:11} Rb8 {(00:32} 11. Bb3 {
(05:08} Na5 {(00:31} 12. h4 {(00:33} b5 {(00:46]
} 13. Kb1 {(00:10} Nc4 {(18:06} 14. Bxc4 {(00:07} bxc4
{(00:05} 15. g4 {(00:31} Qb6 {(23:21} 16. b3 {(
01:14} cxb3 {(08:43} 17. cxb3 {(00:45} Qb4 {(06:20}
18. g5 {(06:29} Nh5 {(10:31} 19. Nd5 {(00:07} Qa3 {
(01:18} 20. Nxe7+ {(01:33} Kh8 {(00:05} 21. Qc3 {
(11:22} Rb7 {(11:57} 22. Bc1 {(06:14} Qa6 {(00:
43} 23. Bb2 {(02:09} Be6 {(05:28} 24. Nd5 {(05:43} Rc8
{(02:36} 25. Qd2 {(01:18} Bxd5 {(03:48} 26. exd5 {
(00:04} Qb6 {(00:15} 27. Rhe1 {(05:18} a5 {(01:
13} 28. Re4 {(02:41} Kg8 {(01:52} 29. Nc6 {(03:10} Bf8
{(02:21} 30. Qc3 {(01:42} Ng7 {(01:11} 31. Ne7+ {
(01:48} Rxe7 {(00:19} 32. Qxc8 {(00:07} Rc7 {(
00:59} 33. Qg4 {(00:16} Qf2 {(00:54} 34. Rc4 {(00:35}
Qe2 {(00:34} 35. Qd4 {(02:36} Rxc4 {(00:27} 36. bxc4 {
(00:02} Qxf3 {(00:25} 37. Re1 {(01:18} Qf5+ {(
00:31} 38. Ka1 {(00:09} Qd7 {(00:17} 39. Bc3 {(06:20}
a4 {(00:51} 40. Rb1 {(00:00} Qc7 {(00:00} 41. Qf6 {
(06:14} Qa7 {(12:44} 42. Bd4 {(05:49} Qa8 {(04:
37} 43. a3 {(08:22} Qe8 {(01:48} 44. c5 {(02:27} dxc5
{(03:13} 45. Be5 {(00:06} Qd7 {(05:39} 46. Rb8 {
(00:40} Qxd5 {(02:23} 47. Qxg7# {(00:05} 1-0

[Event "42nd Olympiad Baku 2016 Women"]
[Site "Baku"]
[Date "2016.09.02"]
[Round "1.6"]
[White "Stojanovic, Marija R"]
[Black "Baktach, Nesrine"]
[Result "1-0"]
[ECO "C15"]
[WhiteElo "2127"]
[BlackElo "1637"]
[PlyCount "73"]
[EventDate "2016.??.??"]
[EventCountry "AZE"]
[WhiteTeam "Montenegro"]
[BlackTeam "Tunesien"]
[WhiteTeamCountry "MNE"]
[BlackTeamCountry "TUN"]
[TimeControl "40/5400+30:1800+30"]
[WhiteClock "0:06:55"]
[BlackClock "0:01:22"]

1. e4 {(00:00} e6 {(00:00} 2. d4 {(00:00} d5 {(
00:00} 3. Nc3 {(00:50} Bb4 {(00:00} 4. exd5 {(02:01}
exd5 {(00:28} 5. Bd3 {(00:51} Nf6 {(00:52} 6. a3 {
(04:16} Be7 {(03:01} 7. h3 {(05:51} c6 {(01:01}
8. Qf3 {(02:54} Be6 {(02:41} 9. Nge2 {(01:47} Qc7 {
(05:32} 10. Nf4 {(09:27} Nbd7 {(07:27} 11. Be3 {
(14:58} Bd6 {(03:59} 12. O-O-O {(04:37} O-O-O {(
03:13} 13. g4 {(04:50} Nb6 {(21:48} 14. Nce2 {(06:09}
Rde8 {(04:43} 15. Ng3 {(03:42} Kb8 {(04:50} 16. Nfh5 {
(04:24} Nxh5 {(02:30} 17. Nxh5 {(00:06} f6 {(04:
28} 18. Bf4 {(04:03} Bxf4+ {(00:25} 19. Nxf4 {(00:05}
Ka8 {(02:48} 20. Rhe1 {(00:49} Bf7 {(05:09} 21. Rxe8+ {
(01:18} Rxe8 {(03:00} 22. Bxh7 {(02:21} Nc4 {(
01:10} 23. Bd3 {(01:38} Nd6 {(07:59} 24. Ng2 {(02:36}
Ne4 {(01:34} 25. Bxe4 {(02:34} dxe4 {(01:38} 26. Qg3 {
(04:48} Qd7 {(02:09} 27. Ne3 {(01:05} Rc8 {(03:
03} 28. Qf4 {(01:32} Bg6 {(02:36} 29. h4 {(00:49} Qe6
{(02:26} 30. d5 {(02:13} cxd5 {(00:44} 31. Nxd5 {
(02:08} Qc6 {(01:49} 32. Rd2 {(02:09} Qc4 {(01:
19} 33. Nc3 {(00:52} a6 {(01:15} 34. h5 {(02:01} Bh7 {
(00:35} 35. Nd5 {(01:39} Qf1+ {(00:18} 36. Rd1 {
(00:07} Qc4 {(00:08} 37. Nb6+ {(00:05} 1-0

[Event "42nd Olympiad Baku 2016 Women"]
[Site "Baku"]
[Date "2016.09.02"]
[Round "1.3"]
[White "Tan, Zhongyi"]
[Black "Biryukov, Alice"]
[Result "1-0"]
[ECO "E21"]
[WhiteElo "2475"]
[BlackElo "1898"]
[PlyCount "67"]
[EventDate "2016.??.??"]
[EventCountry "AZE"]
[WhiteTeam "China"]
[BlackTeam "Luxemburg"]
[WhiteTeamCountry "CHN"]
[BlackTeamCountry "LUX"]
[TimeControl "40/5400+30:1800+30"]
[WhiteClock "0:08:59"]
[BlackClock "0:01:38"]

1. d4 {(00:00} Nf6 {(00:00} 2. c4 {(00:00} e6 {(
00:00} 3. Nc3 {(00:14} Bb4 {(00:10} 4. Nf3 {(01:26} d6
{(00:38} 5. e3 {(05:55} Nbd7 {(02:06} 6. Qb3 {(
05:12} Bxc3+ {(02:44} 7. Qxc3 {(00:05} Qe7 {(04:44} 8.
b3 {(07:10} e5 {(07:52} 9. Bb2 {(06:03} exd4 {(
03:45} 10. Qxd4 {(03:13} b6 {(08:49} 11. Be2 {(01:46}
Bb7 {(03:05} 12. O-O {(00:16} O-O-O {(07:54} 13. b4 {
(05:23} h6 {(02:31} 14. a4 {(01:23} g5 {(05:02}
15. a5 {(03:50} Rhg8 {(03:14} 16. axb6 {(00:22} axb6 {
(00:18} 17. Rfc1 {(31:33} Ne4 {(05:06} 18. Nd2 {
(07:27} Ndc5 {(12:55} 19. Bg4+ {(04:48} Kb8 {(
06:27} 20. bxc5 {(00:23} dxc5 {(00:16} 21. Qxe4 {(00:
10} Bxe4 {(00:28} 22. Nxe4 {(00:05} f5 {(07:41} 23.
Bxf5 {(00:46} Rdf8 {(00:34} 24. Ng3 {(00:26} Kb7 {
(02:28} 25. e4 {(04:50} Ra8 {(03:06} 26. e5 {(
00:22} c6 {(01:08} 27. Ne4 {(00:42} Rgf8 {(02:39} 28.
Rxa8 {(01:15} Rxa8 {(00:37} 29. e6 {(00:30} Rf8 {
(01:57} 30. g4 {(00:05} h5 {(02:55} 31. Rd1 {(
00:54} Rd8 {(00:34} 32. Rd7+ {(01:11} Rxd7 {(01:37}
33. exd7 {(00:06} hxg4 {(01:32} 34. Bf6 {(00:10} 1-0

[Event "42nd Olympiad Baku 2016 Women"]
[Site "Baku"]
[Date "2016.09.02"]
[Round "1.23"]
[White "Taweesupmun, Chanida"]
[Black "Saric, Kristina"]
[Result "0-1"]
[ECO "D47"]
[WhiteElo "1773"]
[BlackElo "2201"]
[PlyCount "86"]
[EventDate "2016.??.??"]
[EventCountry "AZE"]
[WhiteTeam "Thailand"]
[BlackTeam "Kroatien"]
[WhiteTeamCountry "THA"]
[BlackTeamCountry "CRO"]
[TimeControl "40/5400+30:1800+30"]
[WhiteClock "0:32:18"]
[BlackClock "0:30:00"]

1. d4 {(00:00} Nf6 {(00:00} 2. c4 {(00:00} e6 {(
00:00} 3. Nf3 {(00:00} d5 {(00:08} 4. e3 {(00:52} c6 {
(02:13} 5. Bd3 {(01:06} Nbd7 {(02:11} 6. Nc3 {(
01:05} dxc4 {(00:52} 7. Bxc4 {(00:04} b5 {(00:10} 8.
Bd3 {(00:10} Bd6 {(00:38} 9. O-O {(05:14} O-O {(
06:16} 10. Qc2 {(01:06} Bb7 {(04:05} 11. Ne4 {(07:51}
Nxe4 {(13:17} 12. Bxe4 {(00:10} f5 {(14:28} 13. Bd3 {
(01:35} c5 {(04:38} 14. Qe2 {(09:51} c4 {(06:04]
} 15. Bc2 {(00:40} Nf6 {(06:17} 16. Bd2 {(04:56} Qc7 {
(14:39} 17. h3 {(03:41} Rac8 {(02:13} 18. Rfc1 {
(03:35} Bd5 {(04:27} 19. Bd1 {(03:03} Ne4 {(03:
42} 20. Qe1 {(00:53} Nxd2 {(01:46} 21. Nxd2 {(03:19}
a5 {(01:57} 22. a4 {(04:12} Qb7 {(02:21} 23. Bf3 {
(00:30} Bb4 {(00:39} 24. Bxd5 {(00:16} exd5 {(
00:47} 25. axb5 {(04:52} Qxb5 {(02:01} 26. Qd1 {(10:14]
} Rb8 {(00:55} 27. Nf3 {(07:05} Bd6 {(02:02} 28. Ra2 {
(01:59} Bc7 {(01:13} 29. Rca1 {(02:34} Qe8 {(02:
17} 30. Nd2 {(06:30} f4 {(00:39} 31. e4 {(01:19} dxe4
{(01:09} 32. Qe2 Bb6 33. Qxc4+ {(00:54} Kh8 {(00:37}
34. Re1 {(03:10} e3 {(00:10} 35. Nf3 exf2+ {(00:40} 36.
Kxf2 {(02:24} Qg6 {(00:49} 37. Kf1 {(04:25} Rbc8 {
(00:44} 38. Qb3 {(01:29} Rc2 39. Nh4 {(01:26} Qc6 {
(01:24} 40. Re6 {(00:00} Rc1+ {(00:00} 41. Ke2 {
(06:33} Re8 {(02:00} 42. d5 {(00:06} Rxe6+ {(00:
43} 43. dxe6 {(00:03} Qe4+ {(00:19} 0-1

[Event "42nd Olympiad Baku 2016 Women"]
[Site "Baku"]
[Date "2016.09.02"]
[Round "1.13"]
[White "Terao, Juliana Sayumi"]
[Black "Msukwa Tupokiwe"]
[Result "1-0"]
[ECO "B50"]
[WhiteElo "2268"]
[BlackElo "1232"]
[PlyCount "63"]
[EventDate "2016.??.??"]
[EventCountry "AZE"]
[WhiteTeam "Brasilien"]
[BlackTeam "MAW"]
[WhiteTeamCountry "BRA"]
[TimeControl "40/5400+30:1800+30"]
[WhiteClock "0:41:46"]
[BlackClock "0:26:14"]

1. e4 {(00:00} c5 {(00:00} 2. Nf3 {(00:00} d6 {(
00:11} 3. c3 {(00:38} a6 {(00:43} 4. d4 {(01:20} cxd4
{(00:26} 5. cxd4 {(00:06} e6 {(00:22} 6. Nc3 {(
00:21} Nc6 {(01:14} 7. Bd3 {(00:37} Be7 {(01:15} 8.
O-O {(02:07} h6 {(00:16} 9. Qe2 {(01:23} Nf6 {(
00:42} 10. Rd1 {(05:03} Qc7 {(00:15} 11. h3 {(09:46}
O-O {(07:08} 12. e5 {(07:44} dxe5 {(02:08} 13. dxe5 {
(00:05} Nd7 {(02:25} 14. Bf4 {(08:30} f6 {(05:
04} 15. exf6 {(04:05} Qxf4 {(00:29} 16. fxe7 {(00:06}
Nxe7 {(00:29} 17. Qxe6+ {(00:06} Qf7 {(02:58} 18. Bc4 {
(01:39} Nc6 {(10:10} 19. Qe2 {(00:52} Qxc4 {(05:
43} 20. Qxc4+ {(00:07} Kh8 {(00:09} 21. Re1 {(08:23}
Nf6 {(04:54} 22. Nh4 {(01:13} Kh7 {(07:59} 23. Rad1 {
(01:45} Bd7 {(01:34} 24. Ne4 {(06:00} Rad8 {(03:
52} 25. Nxf6+ {(00:40} Rxf6 {(01:07} 26. Qe4+ {(00:07}
Kg8 {(01:21} 27. Rxd7 {(00:13} Rxd7 {(01:12} 28. Qe8+ {
(00:06} Kh7 {(07:25} 29. Qxd7 {(00:05} b5 {(00:
21} 30. Nf5 {(00:33} Kg6 {(06:58} 31. Qxg7+ {(00:32}
Kxf5 {(00:26} 32. Qg4# {(00:02} 1-0

[Event "42nd Olympiad Baku 2016 Women"]
[Site "Baku"]
[Date "2016.09.02"]
[Round "1.20"]
[White "Turunen, Tiina"]
[Black "Lkhamsuren, Uuganbayar"]
[Result "0-1"]
[ECO "E32"]
[WhiteElo "1773"]
[BlackElo "2147"]
[PlyCount "70"]
[EventDate "2016.??.??"]
[EventCountry "AZE"]
[WhiteTeam "Finnland"]
[BlackTeam "Mongolei"]
[WhiteTeamCountry "FIN"]
[BlackTeamCountry "MGL"]
[TimeControl "40/5400+30:1800+30"]
[WhiteClock "0:07:44"]
[BlackClock "0:02:35"]

1. d4 {(00:00} Nf6 {(00:00} 2. c4 {(00:00} e6 {(
00:00} 3. Nc3 {(00:03} Bb4 {(00:02} 4. Qc2 {(00:29}
O-O {(00:13} 5. Bg5 {(00:21} d5 {(01:12} 6. e3 {
(01:14} Nbd7 {(02:17} 7. cxd5 {(02:50} exd5 {(
00:12} 8. a3 {(00:24} Bxc3+ {(01:53} 9. Qxc3 {(02:56}
c6 {(04:34} 10. Qc2 {(03:47} Qa5+ {(04:21} 11. b4 {
(02:15} Qb6 {(05:25} 12. Nf3 {(02:05} Ne4 {(16:
17} 13. Bd3 {(04:32} Re8 {(00:28} 14. O-O {(00:49} Nf8
{(01:06} 15. Bf4 {(08:27} Bf5 {(13:57} 16. h3 {(
02:34} Qd8 {(04:51} 17. Nd2 {(05:49} Ng6 {(05:38} 18.
Nxe4 {(22:31} dxe4 {(01:23} 19. Be2 {(02:40} Nxf4 {
(00:35} 20. exf4 {(00:48} Qxd4 {(00:29} 21. Rad1 {
(01:07} Qf6 {(01:58} 22. Qc1 {(02:52} a5 {(09:
48} 23. Qe3 {(01:10} axb4 {(01:19} 24. axb4 {(00:19}
Be6 {(00:28} 25. Rd4 {(02:05} Bd5 {(01:54} 26. Rfd1 {
(01:14} Qe6 {(03:27} 27. g4 {(07:12} f5 {(06:35]
} 28. Kh2 {(03:57} Rf8 {(02:18} 29. g5 {(01:25} Ra2 {
(01:14} 30. R1d2 {(03:30} Rxd2 {(01:30} 31. Qxd2 {
(01:12} Ra8 {(01:31} 32. Qe3 {(03:28} b5 {(03:
47} 33. h4 {(04:01} Ra2 {(01:23} 34. Rd2 {(00:49} Ra4
{(01:56} 35. Qc3 {(00:51} Qd6 {(00:54} 0-1

[Event "42nd Olympiad Baku 2016 Women"]
[Site "Baku"]
[Date "2016.09.02"]
[Round "1.24"]
[White "Ubaldo Suarez, Maria Gisela"]
[Black "Ayiku, Angela Naa Amerley"]
[Result "1-0"]
[ECO "D15"]
[WhiteElo "2062"]
[BlackElo "1477"]
[PlyCount "49"]
[EventDate "2016.??.??"]
[EventCountry "AZE"]
[WhiteTeam "Venezuela"]
[BlackTeam "Ghana"]
[WhiteTeamCountry "VEN"]
[BlackTeamCountry "GHA"]
[TimeControl "40/5400+30:1800+30"]
[WhiteClock "1:17:01"]
[BlackClock "0:55:34"]

1. d4 {(00:00} d5 {(00:00} 2. c4 {(00:11} c6 {(
01:24} 3. Nc3 {(00:10} Nf6 {(00:41} 4. Nf3 {(00:49}
Bf5 {(02:08} 5. e3 {(05:07} e6 {(00:56} 6. Be2 {
(00:32} Bb4 {(00:44} 7. O-O {(00:16} Bxc3 {(03:
11} 8. bxc3 {(02:04} Ne4 {(00:21} 9. Qb3 {(01:17} b6 {
(00:56} 10. cxd5 {(00:59} cxd5 {(00:39} 11. Ba3 {
(00:17} Nd7 {(02:38} 12. Ne5 {(07:14} Nd2 {(00:
52} 13. Qa4 {(00:15} f6 {(03:08} 14. Nxd7 {(00:24}
Qxd7 {(00:02} 15. Bb5 {(00:14} e5 {(04:25} 16. Bxd7+ {
(00:56} Bxd7 {(00:25} 17. Qb4 {(00:07} O-O-O {(
02:13} 18. Rfd1 {(00:26} Nc4 {(07:03} 19. dxe5 {(02:11]
} Bg4 {(00:53} 20. Rxd5 {(00:31} Nxa3 {(03:39} 21.
Rxd8+ {(00:39} Rxd8 {(00:24} 22. Qxg4+ {(00:09} Kb8 {
(01:49} 23. e6 {(00:13} g6 {(05:01} 24. e7 {(00:
18} Re8 {(02:54} 25. Qd7 {(00:10} 1-0

[Event "42nd Olympiad Baku 2016 Women"]
[Site "Baku"]
[Date "2016.09.02"]
[Round "1.12"]
[White "Umudova, Nargiz"]
[Black "Shibata, Misaki"]
[Result "1-0"]
[ECO "B53"]
[WhiteElo "2247"]
[BlackElo "1638"]
[PlyCount "35"]
[EventDate "2016.??.??"]
[EventCountry "AZE"]
[WhiteTeam "Aserbeidschan"]
[BlackTeam "Japan"]
[WhiteTeamCountry "AZE"]
[BlackTeamCountry "JPN"]
[TimeControl "40/5400+30:1800+30"]
[WhiteClock "0:55:55"]
[BlackClock "0:00:46"]

1. e4 {(00:00} c5 {(00:00} 2. Nf3 {(00:00} d6 {(
00:00} 3. d4 {(00:46} cxd4 {(03:32} 4. Qxd4 {(03:19}
a6 {(00:28} 5. Bg5 {(03:18} Nd7 {(07:08} 6. Nc3 {
(02:30} Qc7 {(29:08} 7. Nd5 {(03:05} Qc6 {(04:
48} 8. b4 {(11:49} e6 {(06:41} 9. b5 {(01:29} axb5 {
(09:15} 10. Bxb5 {(00:17} Qxc2 {(07:21} 11. Ba4 {
(07:06} Rxa4 {(12:28} 12. Qxa4 {(00:13} Qc5 {(
00:30} 13. O-O {(01:32} exd5 {(10:33} 14. Rac1 {(00:24]
} f6 {(03:30} 15. Rxc5 {(01:05} dxc5 {(00:24} 16. exd5
{(03:41} fxg5 {(00:50} 17. Re1+ {(02:17} Kd8 {(
01:08} 18. Nxg5 {(00:14} 1-0

[Event "42nd Olympiad Baku 2016 Women"]
[Site "Baku"]
[Date "2016.09.02"]
[Round "1.29"]
[White "Vargas, Gabriela"]
[Black "Muminova, Nafisa"]
[Result "0-1"]
[ECO "D37"]
[WhiteElo "2050"]
[BlackElo "2324"]
[PlyCount "112"]
[EventDate "2016.??.??"]
[EventCountry "AZE"]
[WhiteTeam "Paraguay"]
[BlackTeam "Usbekistan"]
[WhiteTeamCountry "PAR"]
[BlackTeamCountry "UZB"]
[TimeControl "40/5400+30:1800+30"]
[WhiteClock "0:15:10"]
[BlackClock "0:23:11"]

1. d4 {(00:00} Nf6 {(00:00} 2. Nf3 {(01:09} d5 {
(01:20} 3. c4 {(00:12} e6 {(00:29} 4. Nc3 {(01:
02} Nbd7 {(01:01} 5. Bg5 {(04:22} Bb4 {(00:17} 6. e3 {
(02:44} h6 {(00:22} 7. Bxf6 {(00:20} Qxf6 {(00:
41} 8. Qb3 {(06:16} Bxc3+ {(02:38} 9. Qxc3 {(00:35}
dxc4 {(07:50} 10. Bxc4 {(03:43} O-O {(02:07} 11. O-O {
(01:22} c5 {(05:53} 12. Bb5 {(12:18} cxd4 {(10:
28} 13. Qxd4 {(01:53} a6 {(08:38} 14. Bxd7 {(05:37}
Qxd4 {(00:09} 15. Nxd4 {(00:10} Bxd7 {(00:09} 16. Rac1
{(03:52} Rac8 {(04:46} 17. Nb3 {(01:26} Bb5 {(
10:26} 18. Rxc8 {(02:39} Rxc8 {(00:08} 19. Rc1 {(00:04]
} Rxc1+ {(03:10} 20. Nxc1 {(00:16} Kf8 {(03:39} 21. e4
{(13:25} e5 {(06:52} 22. f3 {(00:36} Ke7 {(00:
31} 23. Kf2 {(00:06} Kd6 {(00:05} 24. Ke3 {(00:20} Kc5
{(07:20} 25. Nb3+ {(13:33} Kb4 {(00:31} 26. Na1 {
(01:38} Ba4 {(02:54} 27. Kd2 {(00:53} Kc5 {(02:
24} 28. Kc3 {(00:29} g6 {(06:20} 29. b3 {(01:30} Bb5 {
(03:02} 30. b4+ {(05:09} Kd6 {(00:30} 31. Nc2 {(
02:31} f5 {(02:40} 32. Ne3 {(03:05} f4 {(01:44} 33.
Nc4+ {(05:58} Ke6 {(01:26} 34. Kb3 {(02:42} g5 {
(01:09} 35. a4 {(01:00} Be8 {(00:53} 36. h3 {(
02:48} b5 {(02:35} 37. axb5 {(00:56} Bxb5 {(00:05} 38.
Kc3 {(00:06} h5 {(00:42} 39. Kb3 {(00:25} Kf6 {(
00:45} 40. Kc3 {(00:00} Ke6 {(00:00} 41. Kb3 {(01:29}
Bc6 {(06:26} 42. Kc3 {(01:07} g4 {(03:59} 43. h4 {
(06:50} g3 {(00:32} 44. Kd3 {(03:44} Bb5 {(00:
10} 45. Kc3 {(00:12} Kf6 {(00:10} 46. Kd3 {(00:28} Ke7
{(01:36} 47. Kc3 {(00:25} Ke6 {(00:06} 48. Kd3 {
(02:02} Kf6 {(00:06} 49. Kc3 {(04:24} Bd7 {(00:
06} 50. Kd2 {(00:34} Bh3 {(01:36} 51. Ke2 {(00:04}
Bxg2 {(00:07} 52. Nb6 {(00:16} Bh3 {(00:46} 53. Nd5+ {
(01:48} Kf7 {(00:19} 54. Ke1 {(00:37} Be6 {(00:
16} 55. Nb6 {(01:19} Ke7 {(00:56} 56. Kf1 {(00:21} Bb3
{(00:59} 0-1

[Event "42nd Olympiad Baku 2016 Women"]
[Site "Baku"]
[Date "2016.09.02"]
[Round "1.14"]
[White "Vega Gutierrez, Sabrina"]
[Black "O`Gorman, Alice"]
[Result "1-0"]
[ECO "E08"]
[WhiteElo "2411"]
[BlackElo "1781"]
[PlyCount "77"]
[EventDate "2016.??.??"]
[EventCountry "AZE"]
[WhiteTeam "Spanien"]
[BlackTeam "Irland"]
[WhiteTeamCountry "ESP"]
[BlackTeamCountry "IRL"]
[TimeControl "40/5400+30:1800+30"]
[WhiteClock "0:05:32"]
[BlackClock "0:01:34"]

1. d4 {(00:00} d5 {(00:00} 2. c4 {(00:00} e6 {(
00:00} 3. Nf3 {(00:00} Nf6 {(00:22} 4. g3 {(00:09} Be7
{(00:55} 5. Bg2 {(00:13} Nbd7 {(01:04} 6. O-O {(
01:18} O-O {(01:05} 7. Qc2 {(00:39} c6 {(01:51} 8. Rd1
{(10:13} Re8 {(04:33} 9. Nbd2 {(00:57} Nf8 {(04:
15} 10. e4 {(09:53} Ng6 {(04:28} 11. e5 {(02:05} Nd7 {
(01:46} 12. cxd5 {(01:01} exd5 {(01:21} 13. h4 {
(01:45} Bb4 {(10:21} 14. Nf1 {(00:54} f6 {(05:
09} 15. h5 {(02:34} Ngf8 {(03:16} 16. Qb3 {(07:27} Ba5
{(03:19} 17. exf6 {(22:16} Nxf6 {(02:19} 18. h6 {
(00:03} g6 {(01:58} 19. Bg5 {(00:05} Ne6 {(05:
32} 20. Bh4 {(00:26} Rf8 {(06:21} 21. N1h2 {(01:13}
Qc7 {(07:57} 22. Bxf6 {(07:09} Rxf6 {(00:10} 23. Ng4 {
(00:08} Rf8 {(03:52} 24. Nge5 {(00:05} Bb6 {(01:
05} 25. Rd3 {(11:55} Nxd4 {(05:21} 26. Rxd4 {(12:01}
Bxd4 {(00:43} 27. Nxd4 {(00:03} Qxe5 {(00:18} 28. Nf3 {
(00:06} Qf6 {(03:32} 29. Re1 {(02:32} b6 {(04:
24} 30. Qe3 {(00:41} Bd7 {(05:56} 31. Ne5 {(00:05}
Rad8 {(03:33} 32. f4 {(01:52} Qe7 {(02:45} 33. Rc1 {
(01:05} Be8 {(01:42} 34. Qd4 {(01:24} Qb7 {(03:
16} 35. b4 {(00:32} Rc8 {(00:57} 36. Bh3 {(00:43} Rc7
{(00:50} 37. Be6+ {(00:09} Bf7 {(00:44} 38. Nxf7 {
(00:11} Rfxf7 {(00:26} 39. Qg7# {(00:06} 1-0

[Event "42nd Olympiad Baku 2016 Women"]
[Site "Baku"]
[Date "2016.09.02"]
[Round "1.11"]
[White "Vega Jimenez, Keyshla M"]
[Black "Batyte, Daiva"]
[Result "0-1"]
[ECO "A45"]
[WhiteElo "1641"]
[BlackElo "2189"]
[PlyCount "54"]
[EventDate "2016.??.??"]
[EventCountry "AZE"]
[WhiteTeam "Puerto Rico"]
[BlackTeam "Litauen"]
[WhiteTeamCountry "PUR"]
[BlackTeamCountry "LTU"]
[TimeControl "40/5400+30:1800+30"]
[WhiteClock "0:00:32"]
[BlackClock "0:32:22"]

1. d4 {(00:00} Nf6 {(00:00} 2. Bf4 {(00:00} e6 {
(03:13} 3. e3 {(00:02} c5 {(00:40} 4. c3 {(00:
18} Nc6 {(01:25} 5. Bd3 {(00:45} d5 {(01:40} 6. Nf3 {
(00:39} Qb6 {(03:14} 7. Qc1 {(07:38} Bd7 {(01:
37} 8. Nbd2 {(00:27} Rc8 {(03:44} 9. h3 {(07:47} cxd4
{(04:13} 10. exd4 {(02:38} Nb4 {(04:28} 11. Bb1 {
(09:28} Bb5 {(03:10} 12. Ne5 {(01:38} Qxd4 {(08:
35} 13. Ndf3 {(10:42} Qb6 {(02:20} 14. a4 {(04:44} Ba6
{(04:55} 15. a5 {(04:09} Qb5 {(05:52} 16. Nd4 {(
03:43} Qc5 {(01:00} 17. Be3 {(17:32} Qc7 {(01:02} 18.
Ndf3 {(09:30} Bd6 {(01:55} 19. Bd4 {(05:07} Ne4 {
(04:23} 20. Qe3 {(03:09} f6 {(01:12} 21. Nd3 {(
02:30} Nc6 {(06:00} 22. Nc5 {(05:34} Nxd4 {(02:15} 23.
cxd4 {(02:36} Bf4 {(01:04} 24. Qb3 {(00:51} Nxc5 {
(00:33} 25. dxc5 {(00:14} Qxc5 {(00:46} 26. Qa4+ {
(00:37} Qb5 {(01:39} 27. Qxb5+ {(00:40} Bxb5 {(
00:13} 0-1